Get step-by-step instructions on how to execute this build order below. Start the game timer, and the build order will tick by so you can play in parallel with StarCraft on a second screen or mobile device.

Game Time

  0:00

Last Step

  N/A

Next Step

Upcoming Step



Don't want to look back and forth between 2 screens? Try out our Overwolf App, the Spawning Tool Build Advisor to get an in-game overlay with this build!

Complete Build Order

  12  0:01  Drone  
  13  0:08  Drone  
  14  0:15  Extractor  
  14  0:17  Drone  
  14  0:19  Extractor  
  13  0:22  Drone  
  15  0:38  Spawning Pool  
  14  0:46  Overlord  
  14  1:05  Drone x3  
  17  1:18  Drone  
  17  1:25  Queen  
  18  1:27  Metabolic Boost  
  18  1:32  Drone  
  21  1:39  Overlord  
  21  1:49  Drone  
  22  2:06  Drone  
  23  2:09  Extractor  
  23  2:10  Lair  
  23  2:22  Zergling x2  
  23  2:25  Hatchery  
  23  2:26  Zergling x2  
  23  2:37  Drone x3  
  26  2:59  Zergling x6  
  29  3:11  Zergling x2  
  30  3:23  Overlord  
  30  3:35  Hydralisk Den  
  29  3:46  Drone  
  28  3:51  Drone  
  28  3:53  Drone x2  
  28  3:54  Drone  
  32  4:04  Baneling Nest  
  31  4:13  Spine Crawler  
  31  4:15  Hydralisk x4  
  31  4:16  Hydralisk  
  40  4:18  Zergling x2  
  41  4:27  Queen  
  38  5:00  Zergling x6  
  38  5:06  Drone x2  
  38  5:07  Drone  
  44  5:09  Overlord x2  
  44  5:15  Overlord  
  44  5:22  Baneling x2  
  44  5:23  Baneling x3  
  44  5:30  Zergling x2  
  44  5:35  Drone x3  
  48  5:41  Burrow  
  48  5:47  Drone x2  
  50  5:53  Zergling x4  
  50  5:54  Zergling x6  
  50  5:56  Drone x2  
  50  5:57  Drone  
  50  6:20  Drone x2  
  52  6:27  Extractor x2  
  52  6:29  Zergling x2  
  51  6:54  Drone x2  
  51  6:55  Drone x2  
  51  6:59  Zergling x6  
  51  7:00  Zergling x4  
  60  7:04  Spore Crawler  
  59  7:13  Baneling x6  
  59  7:30  Hatchery  
  49  7:41  Zergling x4  
  49  7:42  Zergling x8  
  55  8:01  Evolution Chamber  
  55  8:03  Evolution Chamber  
  53  8:12  Zergling x12  
  59  8:13  Zergling x6  
  62  8:35  Baneling x7  
  62  8:36  Baneling x6  
  51  9:19  Zergling x6  
  51  9:23  Zergling x12  
  53  9:34  Drone x3  
  53  9:36  Queen  
  57  9:38  Zerg Missile Weapons Level 1  
  57  9:40  Zerg Ground Armor Level 1  
  57  9:41  Zergling x4  
  59  9:47  Baneling x8  
  59  9:48  Baneling  
  59  9:49  Centrifical Hooks  
  59  9:54  Drone  
  59  9:58  Hydralisk x4  
  68  10:03  Overlord  
  55  10:30  Zergling x8  
  55  10:31  Zergling x14  
  66  10:42  Zergling x4  
  66  10:43  Zergling x4  
  68  10:59  Drone x2  
  53  11:27  Hydralisk x9  
  53  11:28  Hydralisk x5  
  81  11:33  Overlord  
  81  11:40  Zerg Missile Weapons Level 2, Zerg Ground Armor Level 2  
  81  11:47  Zergling x2  
  81  11:51  Overlord  
  82  11:57  Hatchery, Zergling x12  
  87  12:09  Baneling x2  
  87  12:20  Baneling x7  
  87  12:21  Baneling x4  
  87  12:34  Drone x3  
  84  13:03  Zergling x6  
  84  13:04  Zergling x16  
  95  13:07  Drone, Baneling  
  95  13:08  Drone x2  
  98  13:16  Drone  
  98  13:44  Baneling  
  98  13:45  Baneling  
  98  13:46  Baneling  
  98  13:47  Baneling x8  
  98  13:48  Baneling x8  
  98  13:51  Hydralisk x3  
  98  13:53  Overlord x3  
  91  14:20  Hydralisk x3  
  91  14:21  Queen  
  89  14:49  Zergling x12  
  89  14:50  Zergling x14  
  96  15:13  Zergling x14  
  88  15:47  Zergling x12  
  88  15:48  Zergling x6  
  82  16:56  Zergling x10  
  82  16:57  Zergling x16  
  67  17:45  Zergling x4  
  67  17:46  Zergling x12  
  67  17:49  Drone x2  
  73  17:58  Baneling x3  
  73  17:59  Baneling x10  
  73  18:00  Baneling x5  
  73  18:04  Drone x3  
  76  18:16  Queen  
  72  18:36  Zergling x20  
  72  18:37  Zergling x4  
  60  19:18  Zergling x12  
  60  19:19  Zergling x6  
  60  19:21  Queen  
  71  19:44  Baneling  
  71  19:45  Baneling x10  
  71  19:46  Baneling  
  60  20:22  Zergling x6  
  60  20:23  Overlord, Zergling x4  
  65  20:32  Hydralisk Den  
  64  20:44  Baneling x2  
  64  20:45  Baneling x5  
  64  20:48  Baneling x2  
  64  20:49  Baneling x5  
  57  21:17  Zergling x12  
  57  21:18  Zergling x12  
  69  21:39  Baneling x8  
  69  21:40  Baneling x9  
  69  21:41  Baneling x7  
  69  21:56  Lurker Den  
  58  22:08  Zergling x10  
  61  22:23  Hydralisk x3  
  61  22:28  Baneling x2  
  61  22:29  Baneling x7